Cogmind - Beta 16.1 @@@ ROGUE MODE // 2026.02.24 @ 21:05:09 // Winter2019/RPGLIKE Player: badjay Result: Self-destructed Performance ------------- Evolutions (2) 1000 Regions Visited (3) 600 Robots Destroyed (16) 80 Value Destroyed (459) 459 Prototype IDs (4) 80 Alien Tech Used (0) 0 Bonus (0) 0 TOTAL SCORE: 2219 Bonus ------- None Cogmind --------- Core Integrity 296/600 Matter 257/300 Energy 125/125 System Corruption 0% Temperature Cool (0) Movement Flying (34) Location -8/Materials Parts ------- > --- POWER (1) -------- Light Ion Engine > --- PROPULSION (3) --- Flight Unit Flight Unit Flight Unit > --- UTILITY (1) ------ (None) > --- WEAPON (4) ------- Assault Rifle Light Assault Rifle Light Assault Rifle Light Cannon > --- INVENTORY (0) ---- (None) Peak State ------------ > --- POWER ------------ Light Ion Engine > --- PROPULSION ------- Flight Unit Flight Unit Flight Unit > --- UTILITY ---------- (None) > --- WEAPON ----------- Assault Rifle Light Assault Rifle Light Assault Rifle Light Cannon > --- INVENTORY -------- (None) [Rating: 8] Favorites ----------- Power Light Ion Engine Engine Light Ion Engine Propulsion Flight Unit Flight Unit Flight Unit Utility None Weapon Assault Rifle Ballistic Gun Assault Rifle Ballistic Cannon Light Cannon Build | -11 -10 -10 -8 ------- Run | Yrd Mat Sub Mat Slots Evolved 5 | . 5 . . Power . | . . . . Propulsion 2 | . 2 . . Utility . | . . . . Weapon 3 | . 3 . . Parts Attached 9 | 1 8 . . Power 1 | . 1 . . Engine 1 | . 1 . . Core . | . . . . Reactor . | . . . . Propulsion 3 | . 3 . . Treads . | . . . . Leg . | . . . . Wheel . | . . . . Hover . | . . . . Flight 3 | . 3 . . Utility . | . . . . Device . | . . . . Storage . | . . . . Processor . | . . . . Hackware . | . . . . Protection . | . . . . Artifact . | . . . . Weapon 5 | 1 4 . . Energy Gun . | . . . . Energy Cannon . | . . . . Ballistic Gun 4 | 1 3 . . Ballistic Cannon 1 | . 1 . . Launcher . | . . . . Special Weapon . | . . . . Impact Weapon . | . . . . Slashing Weapon . | . . . . Piercing Weapon . | . . . . Special Melee Weapon . | . . . . Unidentified Prototypes . | . . . . Parts Lost . | . . . . Power . | . . . . Propulsion . | . . . . Utility . | . . . . Weapon . | . . . . Highest Loss Streak . | . . . . To Critical Strikes . | . . . . Average Backups . | . . . . Power . | . . . . Propulsion . | . . . . Utility . | . . . . Weapon . | . . . . Tool/Special . | . . . . Unused Backups . | . . . . Power . | . . . . Propulsion . | . . . . Utility . | . . . . Weapon . | . . . . Tool/Special . | . . . . Average Slot Usage (%) 76 | . 72 88 88 Engine 11 | . 11 11 11 Flight 33 | . 33 33 33 Ballistic Gun 20 | . 15 33 33 Ballistic Cannon 10 | . 10 11 11 Peak Build Rating 8 | 1 8 8 8 Average Rating 5 | . 5 8 8 On Entrance 4 | . 1 8 8 Avg Prop Armor Cover (%) . | . . . . Naked Turns . | . . . . Heaviest Build 10 | 2 10 10 10 Greatest Support 12 | 3 12 12 12 Greatest Overweight (x) . | . . . . Average Overweight (x) . | . . . . Largest Inventory Capacity . | . . . . Average Capacity . | . . . . Most Carried . | . . . . Average Carried . | . . . . Final Capacity . | . . . . Final Carried . | . . . . Class Distribution -------------------- 61% | Scavenger-Mutant 23% | Scavenger-Gunner 14% | Mutant Dominant Class ---------------- Scavenger-Mutant | -10/Materials Scavenger-Gunner | -10/Subcaves Scavenger-Gunner | -8/Materials Resources | -11 -10 -10 -8 ----------- Run | Yrd Mat Sub Mat Matter Collected 655 | 200 433 22 . Remotely . | . . . . Salvage Created 339 | . 289 50 . Parts 30 | . 30 . . Haulers Intercepted 1 | . 1 . . Recyclers Shooed . | . . . . Parts Field Recycled . | . . . . Retrieved Matter . | . . . . Parts Self-Destructed 10 | . . 10 . Prevented . | . . . . Parts Restored . | . . . . Kills | -11 -10 -10 -8 ------- Run | Yrd Mat Sub Mat Combat Hostiles Destroyed 13 | . 12 1 . Guns 3 | . 3 . . Cannons 10 | . 9 1 . Classes Destroyed 5 | . 4 1 . Hauler 1 | . 1 . . Watcher 2 | . 2 . . Swarmer 3 | . 3 . . Grunt 9 | . 9 . . Subdweller 1 | . . 1 . Best Kill Streak 3 | . 3 1 . Combat Bots Only 3 | . 3 1 . Max Kills in Single Turn 1 | . 1 1 . Gunslinging . | . . . . Exploded . | . . . . Melee . | . . . . Uniques/NPCs Destroyed . | . . . . Combat | -11 -10 -10 -8 -------- Run | Yrd Mat Sub Mat Hostile Shots Fired 100 | . 70 30 . Missed 41 | . 25 16 . Hits 59 | . 45 14 . Projectile 59 | . 45 14 . Critical Strikes 1 | . 1 . . Damage Taken 861 | . 548 313 . Core 703 | . 451 252 . Absorbed by Shields . | . . . . Redirected to Core 527 | . 312 215 . Core Remaining (%) 74 | 100 . 49 . Volleys Fired 61 | . 56 5 . Largest 4 | . 2 4 . Hottest 90 | . 50 90 . Shots Fired 123 | . 103 20 . Gun 71 | . 56 15 . Cannon 52 | . 47 5 . Launcher . | . . . . Special . | . . . . Kinetic 123 | . 103 20 . Thermal . | . . . . Explosive . | . . . . Electromagnetic . | . . . . Robot Hit Streak 5 | . 5 3 . Robot Miss Streak 4 | . 4 2 . Penetration Max . | . . . . Secondary Targets . | . . . . Shots Hit Robots 68 | . 56 12 . Core Hits 24 | . 21 3 . Critical Kills . | . . . . Critical Parts Destroyed . | . . . . Critical Strikes 2 | . 1 1 . Destroy 1 | . . 1 . Blast 1 | . 1 . . Melee Attacks . | . . . . Impact . | . . . . Slashing . | . . . . Piercing . | . . . . Sneak Attacks . | . . . . Combat Hostiles . | . . . . Follow-up Attacks . | . . . . Damage Inflicted 991 | . 855 136 . Guns 471 | . 382 89 . Cannons 520 | . 473 47 . Explosions . | . . . . Melee . | . . . . Ramming . | . . . . Kinetic 991 | . 855 136 . Thermal . | . . . . Explosive . | . . . . Electromagnetic . | . . . . Impact . | . . . . Slashing . | . . . . Piercing . | . . . . Highest Corruption 3 | . 3 3 . Average Corruption 2 | . 2 3 . Corruption Purged . | . . . . Corruption Blocked . | . . . . Effects 10 | . 6 4 . Message Errors 5 | . 2 3 . Matter Fused 1 | . 1 . . Energy Discharges 1 | . . 1 . Misfires 1 | . 1 . . Weapon Failures 2 | . 2 . . Overload Shots . | . . . . Overflow Damage 13 | . 13 . . Projectiles 13 | . 13 . . Explosions . | . . . . Melee . | . . . . Knockbacks 6 | . 6 . . Impact . | . . . . Kinetic 6 | . 6 . . Secondary . | . . . . Self-Inflicted Damage . | . . . . Shots . | . . . . Rammed . | . . . . Targets Rammed . | . . . . Kicked . | . . . . Crushed . | . . . . Highest Temperature 55 | . 55 2 . Average Temperature 20 | . 20 2 . Received Heat Transfer 312 | . 267 45 . Siege Activations . | . . . . Martial Activations . | . . . . Shielding Activations . | . . . . Robots Disrupted . | . . . . Combat Hostiles . | . . . . Robots Corrupted . | . . . . Combat Hostiles . | . . . . Parts Fried . | . . . . Impact Corruptions . | . . . . Robots Melted . | . . . . Combat Hostiles . | . . . . Parts Melted . | . . . . Heat Transferred . | . . . . Parts Sabotaged . | . . . . Parts Stolen . | . . . . Parts Stripped . | . . . . Power Chain Reactions . | . . . . Alert | -11 -10 -10 -8 ------- Run | Yrd Mat Sub Mat Maximum Alert Level . | . . . . Low Security (%) 100 | 100 100 . 100 Level 1 . | . . . . Level 2 . | . . . . Level 3 . | . . . . Level 4 . | . . . . Level 5 . | . . . . High Security . | . . . . Max Security . | . . . . Peak Influence 131 | . 131 . . Initial . | . . . . Average 73 | . 77 . . Influence Increases 353 | . 353 . . Destroy 0b10 Robot/C 240 | . 240 . . Destroy 0b10 Robot/NC 15 | . 15 . . Destroy Leader 56 | . 56 . . Successful Hack 12 | . 12 . . Disable Machine 15 | . 15 . . Partial Spotted 15 | . 15 . . Influence Decreases 353 | . 238 115 . Entered New Map 56 | . . 56 . Time Decay 297 | . 238 59 . Squads Dispatched 1 | . 1 . . Investigation . | . . . . Extermination . | . . . . Reinforcement 1 | . 1 . . Assault . | . . . . Garrison . | . . . . Intercept . | . . . . Searches Triggered . | . . . . Construction Impeded . | . . . . Haulers Reinforced . | . . . . Active Scanning Responses . | . . . . Cargo Convoy Interrupts . | . . . . Stealth | -11 -10 -10 -8 --------- Run | Yrd Mat Sub Mat Distress Signals 2 | . 2 . . Communications Jammed . | . . . . Distress Signals . | . . . . Times Spotted 31 | . 21 10 . Peak Tracking Total 6 | . 3 6 . Tactical Retreats 1 | . . 1 . Traps | -11 -10 -10 -8 ------- Run | Yrd Mat Sub Mat Traps Triggered 2 | . 2 . . Indirectly . | . . . . Trap Hack Attempts . | . . . . Triggered . | . . . . Disarmed . | . . . . Reprogrammed . | . . . . Reused . | . . . . Traps Extracted . | . . . . Installed . | . . . . Triggered . | . . . . Machines | -11 -10 -10 -8 ---------- Run | Yrd Mat Sub Mat Machines Disabled 1 | . 1 . . Max in Single Turn 1 | . 1 . . Machines Repaired . | . . . . Machines Dismantled . | . . . . Machines Sabotaged . | . . . . Overloaded Fab Kills . | . . . . Hacking | -11 -10 -10 -8 --------- Run | Yrd Mat Sub Mat Machines Accessed 7 | . 7 . . Terminals 7 | . 7 . . Fabricators . | . . . . Repair Stations . | . . . . Recycling Units . | . . . . Scanalyzers . | . . . . Garrison Access . | . . . . Total Hacks 23 | . 23 . . Successful 10 | . 10 . . Failed 13 | . 13 . . Catastrophic 3 | . 3 . . Database Lockouts . | . . . . Manual 17 | . 17 . . Terminals 23 | . 23 . . Fabricators . | . . . . Repair Stations . | . . . . Recycling Units . | . . . . Scanalyzers . | . . . . Garrison Access . | . . . . Terminal Hacks 2 | . 2 . . Prototype ID Bank 2 | . 2 . . Fabricator Hacks . | . . . . Repair Station Hacks . | . . . . Recycling Unit Hacks . | . . . . Scanalyzer . | . . . . Garrison Access Hacks . | . . . . Unauthorized Hacks 8 | . 8 . . Terminals 8 | . 8 . . Assimilate 1 | . 1 . . Botnet 2 | . 2 . . Skim 5 | . 5 . . Fabricators . | . . . . Repair Stations . | . . . . Recycling Units . | . . . . Scanalyzers . | . . . . Garrison Access . | . . . . Data Cores Recovered . | . . . . Used . | . . . . Hacking Detections 7 | . 7 . . Full Trace Events 1 | . 1 . . Feedback Events . | . . . . Feedback Blocked . | . . . . Robot Schematics Acquired . | . . . . Robots Built . | . . . . Authchips . | . . . . Time . | . . . . Total Robot Build Rating . | . . . . Part Schematics Acquired . | . . . . Parts Built . | . . . . Authchips . | . . . . Time . | . . . . Total Part Build Rating . | . . . . Part Studies Acquired . | . . . . Parts Repaired . | . . . . Time . | . . . . Parts Recycled . | . . . . Recycled Matter . | . . . . Retrieved Matter . | . . . . Retrieved Components . | . . . . Parts Scanalyzed . | . . . . Part Schematics Acquired . | . . . . Parts Damaged . | . . . . Bothacking | -11 -10 -10 -8 ------------ Run | Yrd Mat Sub Mat Used RIF Installer . | . . . . Robots Hacked . | . . . . Non-combat . | . . . . Combat . | . . . . Robot Hacks Applied . | . . . . Relay Couplers Released . | . . . . Fabnet Peak Effective % . | . . . . Robots Rewired . | . . . . Allies Hacked . | . . . . Hacks Repelled . | . . . . Allies | -11 -10 -10 -8 -------- Run | Yrd Mat Sub Mat Total Allies . | . . . . Largest Group . | . . . . Highest-Rated Group . | . . . . Highest-Rated Ally . | . . . . Total Orders . | . . . . Ally Attacks . | . . . . Total Damage . | . . . . Kills . | . . . . Allies Corrupted . | . . . . Allies Melted . | . . . . Intel | -11 -10 -10 -8 ------- Run | Yrd Mat Sub Mat Active Infowar (turns) . | . . . . Robot Analysis Total . | . . . . Derelict Logs Recovered . | . . . . Drone Launches . | . . . . Drone Recoveries . | . . . . Exploration | -11 -10 -10 -8 ------------- Run | Yrd Mat Sub Mat Turns Passed 832 | 27 611 192 2 Spaces Moved 1561 | 52 1014 492 3 Core 224 | 52 172 . . Treads . | . . . . Legs . | . . . . Wheels . | . . . . Hover . | . . . . Flight 1337 | . 842 492 3 Fastest Speed 34 | 50 34 34 34 Average Speed 36 | 50 36 34 34 Slowest Speed 50 | 50 50 34 34 Overloaded Moves . | . . . . Propulsion Burnouts . | . . . . Robots Hopped 23 | . 23 . . Potential Cave-ins . | . . . . Cave-ins Triggered . | . . . . Exploration Rate (%) 34 | 3 98 32 3 Regions Visited 3 Branch Regions 1 Pre-discovered Areas 1 | . 1 . . Known Exits Taken . | . . . . Unknown Exits Taken 3 | 1 1 1 . Scrap Searched . | . . . . Spaces Dug . | . . . . Terrain Destroyed . | . . . . Melee . | . . . . Projectile . | . . . . AOE . | . . . . Terrain Rammed . | . . . . Walls Destroyed . | . . . . Machines Disabled . | . . . . Actions | -11 -10 -10 -8 --------- Run | Yrd Mat Sub Mat Total 1681 | 52 1121 505 3 Wait 49 | . 43 6 . Move 1514 | 51 969 491 3 Hop 21 | . 21 . . Pick Up . | . . . . Fast Attach 9 | 1 8 . . Attach . | . . . . Detach . | . . . . Swap . | . . . . Drop 1 | . 1 . . Fire 61 | . 56 5 . Melee . | . . . . Ram . | . . . . Kick . | . . . . Crush . | . . . . Escape Stasis . | . . . . Rewire . | . . . . Trap . | . . . . Miscellaneous 26 | . 23 3 . Route ------- -11/Scrapyard -10/Materials (discovered 6 exits: [*Mat x3] / [*Min x2] / [*Sub]) -10/Subcaves -8/Materials History --------- Turn | Location | Event 4 | -11/Scrapyard | Discovered new exit (range 16) 28 | -11/Scrapyard | Entered Materials 83 | -10/Materials | Discovered new exit (range 3) 129 | -10/Materials | Upgraded with Propulsion slot (x2) 129 | -10/Materials | Upgraded with Weapon slot (x1) 154 | -10/Materials | Discovered new exit (range 15) 292 | -10/Materials | Discovered new exit (range 16) 325 | -10/Materials | Discovered new exit (range 13) 417 | -10/Materials | Build established: Scavenger-Mutant 427 | -10/Materials | Discovered new exit (range 8) 503 | -10/Materials | Discovered new exit (range 9) 602 | -10/Materials | Learned location of Mines (-9) 602 | -10/Materials | Reached level 2 608 | -10/Materials | Upgraded with Weapon slot (x2) 639 | -10/Materials | Entered Subcaves 647 | -10/Subcaves | Ambushed by Subdwellers from Twisted Machinery 684 | -10/Subcaves | Shifting Twisted Machinery released Scrap Shield 685 | -10/Subcaves | Shifting Twisted Machinery released Scrap Shield 693 | -10/Subcaves | Discovered new exit (range 7) 716 | -10/Subcaves | Ambushed by angry Subdweller bent on revenge 824 | -10/Subcaves | Core integrity fell below 50% 831 | -10/Subcaves | Entered Materials 832 | -8/Materials | Core integrity fell below 50% 833 | -8/Materials | Reached level 3 833 | -8/Materials | Self-destructed Last Messages --------------- 00700_ Subatomizers dissect the Ion Engine. 00703_ Ion Engine fries itself beyond repair. 00705_ DA-4M6(R) suffers critical hit (Destroy). 00709_ Destroyed Scrap Shield. 00711_ Lgt. Treads fries itself beyond repair. 00712_ DA-4M6(R) destroyed. 00713_ Subatomizers dissect the Heat Sink. 00714_ Hvy. Assault Rifle fries itself beyond repair. 00715_ Heat Sink fries itself beyond repair. 00715_ S9-G9T(u) cries out in pain. 00715_ S9-G9T(u) destroyed. 00716_ SF-K5C(R) angrily emerges from the Twisted Machinery. 00716_ SF-K5C(R): "OHNO!" 00718_ YHQ=9=BKJDXUZDXZFXF|SMS 00829_ Acquired 2 matter. LOCATION=UNKNOWN GOAL=ESCAPE 00833_ Reached level 3. Map ----- +----------------------------------------------------+ | ???????????????????????????????????? | | ???????????????????????????????????? | | ???????????????????????????????????? | | ???????????????????????????????????? | | ???????????????????????????????????? | | ???????????????????????????????????? | | ???????????????????????????????????? | | ???????????????????????????????????? | | ???????????????????????????????????? | | ???????????????????????????????????? | | ???????????????????????????????????? | | ???????????????????????????????????? | | ???????????????????????????????????? | | ???????????????????????????????????? | | ???????????????????????????????????? | | ???????????????????????????????????? | | ????????????????????????#######????? | | ??????????????????????? #????? | | ??????????????????????""" ] #????? | | ?????????????????????#""" #????? | | ?????????????????????#""" #????? | | ?????????????????????# #????? | | ?????????????????????#""" #????? | | ?????????????????????#""" #????? | | ?????????????????????#""" #????? | | ?????????????????????# @ #????? | | ????????????????##########+####????? | | ???????????? #????? | | ???????????? #????? | | ???????????? #????? | | ?????????????######+######## #????? | | ???????????????????????????# #????? | | ???????????????????????????# #????? | | ???????????????????????????# #????? | | ???????????????????????????# #????? | | ???????????????????????????# #????? | | ???????????????????????????# #????? | | ???????????????????????????? #????? | | ???????????????????????????? #????? | | ???????????????????????????? #????? | | ???????????????????????????? #????? | | ???????????????????????????? #????? | | ???????????????????????????? ?????? | | ???????????????????????????? ?????? | | ???????????????????????????????????? | | ???????????????????????????????????? | | ???????????????????????????????????? | | ???????????????????????????????????? | | ???????????????????????????????????? | | ???????????????????????????????????? | +----------------------------------------------------+ Best States ------------- Heat Dissipation 25 Energy Generation 10 Energy Capacity 125 Matter Stores 300 Matter Capacity 300 Sight Range 16 Terrain Scan Density 10 Evasion (%) 63 Defensive Hacking 10 Item Schematics ----------------- None Robot Schematics ------------------ None Fabricated ------------ Nothing Repaired ---------- Nothing Studied --------- None Alien Tech Used ----------------- None Achievements -------------- Bumper Bots Challenges ------------ None RPGLIKE | -11 -10 -10 -8 --------- Run | Yrd Mat Sub Mat Levels Raised 2 | . 1 . 1 XP Earned 7025 | 3000 1525 1000 1500 XP Spent 4400 | . 4400 . . Upgrades 7 | . 7 . . Propulsion Slot 2 | . 2 . . Weapon Slot 3 | . 3 . . Hack Defense % 2 | . 2 . . Protomatter Created 180 | . 180 . . Integrity Restored 484 | . 412 72 . Core 399 | . 327 72 . Parts 85 | . 85 . . Protomatter Decayed 127 | . 38 89 . Game ------ Seed MassMassRailcannon Manual? 0 Play Time 00:12:07 Cumulative 207.3 hours Start 2026.02.24 @ 20:44:14 End 2026.02.24 @ 21:05:09 Sessions 1 Manual Loads 0 Difficulty Rogue Special Mode Winter2019/RPGLIKE Game No. 210 Rogue 210 Adventurer 0 Explorer 0 Win Type - Total 14 Types 11/0/1/1/0/0/1/0/0/0 Lore% 67 Gallery% 57 Achievement% 51 Wizard Run 0 Options --------- Layout 2 ASCII 0 Keyboard 0 Movement Numpad Keybinds 0 Fullscreen 1 Font 24/Smallcaps Map View 50x44 Zoom Use 0% Tactical HUD 1 Map Filters NONE Filters NONE Steam 1 RUN: 741449e9-988b-484e-8df2-ee2d0bab4313